 Dungeon Crawl Stone Soup version 0.17.0-28-g6e173f8 (webtiles) character file.

166 PossumBlood the Covered (level 5, -3/49 HPs)
             Began as a Deep Dwarf Fighter on Nov 23, 2015.
             Killed by nerve-wracking pain
             ... invoked by an orc priest
              (11 damage)
             ... on level 4 of the Dungeon.
             The game lasted 00:13:50 (2230 turns).

PossumBlood the Covered (Deep Dwarf Fighter)        Turns: 2230, Time: 00:13:50

Health: -3/49      AC:  8    Str: 20    XL:     5   Next: 22%
Magic:  5/5        EV:  8    Int:  9    God:
Gold:   138        SH: 10    Dex: 12    Spells: 0 memorised, 4 levels left

rFire  . . .     SeeInvis .     a - +1 war axe
rCold  . . .     Clarity  .     b - +0 scale mail
rNeg   + + .     SustAt   +     c - +1 shield
rPois  .         Gourm    .     (no helmet)
rElec  .         Spirit   .     z - +0 cloak
rCorr  .         Warding  +     (no gloves)
rMut   .         Stasis   .     (no boots)
MR     .....                    x - amulet of warding
Stlth  ..........               w - ring of sustain attributes
                                p - ring of positive energy

@: non-regenerating, not resistant to hostile enchantments, extremely unstealthy
A: damage resistance, recharge devices, sense surroundings 1, slow regeneration
3
a: Device Recharging


You were on level 4 of the Dungeon.
You were full.

You visited 1 branch of the dungeon, and saw 4 of its levels.

You collected 138 gold pieces.

Inventory:

Hand Weapons
 a - a +1 war axe (weapon)
 j - a +2 dagger of speed
 n - a +0 club
 o - a cursed -2 falchion
 v - a +0 mace
 y - a +0 dagger of protection
 B - a +0 hand axe
 H - a +2 falchion of slicing
Missiles
 m - 11 silver sling bullets
 q - 8 tomahawks (quivered)
 u - 2 javelins
 I - 3 silver tomahawks
Armour
 b - a +0 scale mail (worn)
 c - a +1 shield (worn)
 g - a +0 ring mail
 z - a +0 cloak (worn)
 C - a +0 leather armour
 D - a +0 leather armour
 E - a +0 leather armour
 J - a +0 chain mail
Jewellery
 p - a ring of positive energy (left hand)
 s - an uncursed ring of wizardry
 w - a ring of sustain attributes (right hand)
 x - an amulet of warding (around neck)
 K - an uncursed ring of protection from fire
 M - an uncursed amulet of regeneration {unknown}
Wands
 e - a wand of heal wounds (5)
Scrolls
 r - 2 scrolls of blinking
 N - a scroll of teleportation
Potions
 d - 2 potions of might
 A - a potion of poison
 F - a potion of agility
 G - a potion of invisibility
 L - a potion of mutation {unknown}
Comestibles
 f - 2 bread rations
 i - 3 fruits
 k - 2 slices of pizza
 l - a meat ration
 t - a beef jerky


   Skills:
 + Level 3.5 Fighting
 + Level 3.1 Axes
 + Level 4.2 Armour
 + Level 1.9 Dodging
 + Level 0.3 Stealth
 + Level 4.1 Shields


You had 4 spell levels left.
You didn't know any spells.

Dungeon Overview and Level Annotations

Branches:
Dungeon (4/15)
 Temple: D:4-7

Altars:
Ashenzari
Fedhas


Innate Abilities, Weirdness & Mutations

You are resistant to damage.
You can recharge devices by infusing magical energy.
You passively map a small area around you.
You do not regenerate naturally.


Message History

The orc priest invokes the aid of Beogh against you.
Pain shoots through your body!
* * * LOW HITPOINT WARNING * * *
You hit the orc priest.
The orc priest is heavily wounded.
You slash the orc priest!
The orc priest is heavily wounded.
The orc priest hits you but does no damage.
The orc priest casts a cantrip, but nothing happens.
You block the orc priest's attack.
The orc priest hits you but does no damage.
You barely miss the orc priest.
The orc priest is heavily wounded.
You hit the orc priest but do no damage.
The orc priest is heavily wounded.
The orc priest calls upon Beogh to heal the orc priest.
The orc priest is healed somewhat.
The orc priest calls down the wrath of Beogh upon you.
Pain shoots through your body!
You die...

.#......+.....#.......#
.#..##..##...##..######
##..##..##...##..#,,,
'........#.......#
#........+.......# , ,
#...##..###+###'##, , ,
#...##..#....##.^#######
........#....#..........
.......,#....#..@.......
######..#..).#.o)o.....?
.....#..#....#..........
* .....#
,#....#..........
.....##+#........###..##
........)######### ###
#####.... *, .# #.... ,
.# #.... ** * ,


You could see 2 orc priests.

Vanquished Creatures
  An orc wizard (D:3)
  4 adders (D:2)
  2 oozes
  An adder skeleton (D:4)
  3 worms
  11 orcs
  A giant cockroach (D:1)
  8 goblins
  4 hobgoblins
  8 jackals
  6 kobolds
  3 bats (D:2)
  2 giant geckos
  2 giant newts
  17 rats
73 creatures vanquished.

Notes
Turn   | Place    | Note
--------------------------------------------------------------
     0 | D:1      | PossumBlood the Deep Dwarf Fighter began the quest for the Orb.
     0 | D:1      | Reached XP level 1. HP: 20/20 MP: 1/1
    22 | D:1      | Reached XP level 2. HP: 22/27 MP: 2/2
   335 | D:1      | Found a shattered altar of Ashenzari.
   693 | D:2      | Reached XP level 3. HP: 24/33 MP: 3/3
   747 | D:2      | Reached skill level 1 in Dodging
   943 | D:2      | Reached skill level 4 in Armour
  1055 | D:2      | Reached XP level 4. HP: 25/42 MP: 4/4
  1289 | D:2      | Found a blossoming altar of Fedhas.
  1835 | D:3      | Reached XP level 5. HP: 32/49 MP: 5/5
  2230 | D:4      | Killed from afar by an orc priest

Action                   |  1- 3 |  4- 6 || total
-------------------------+-------+-------++-------
Melee: War axe           |   115 |    97 ||   212
  Use: Scroll            |     6 |     4 ||    10
       Potion            |       |    12 ||    12
 Stab: Invisible         |       |     1 ||     1
  Eat: Bread ration      |     1 |       ||     1
       Meat ration       |       |     1 ||     1
